Map: Arctic Dream LE

Players

qqq

  • Race: Zerg Zerg
  • League: Platinum
  • Spawn Location: 6:00

Massa

  • Race: Terran Terran
  • League: Platinum
  • Spawn Location: 5:00

NastyNoob - Winner!

  • Race: Zerg Zerg
  • League: Diamond
  • Spawn Location: 11:00

Ishtar - Winner!

  • Race: Zerg Zerg
  • League: Diamond
  • Spawn Location: 12:00

VOD

Have the link to the VOD?

Description

Time

  • Played on: Dec. 11, 2020, 4:57 p.m.
  • Length: 10:16
Show
View Real Time Build Order
Export as new Build Order

qqq Zerg 

Build Orders: Pool First 

Get SALT Encoding   

  12  0:02  Drone  
  13  0:09  Drone  
  14  0:25  Overlord  
  14  0:41  Spawning Pool  
  14  0:53  Hatchery  
  13  0:59  Drone  
  13  1:00  Drone  
  15  1:07  Drone  
  16  1:20  Spawning Pool  
  15  1:32  Extractor, Drone x2  
  16  1:33  Drone  
  17  1:44  Drone  
  18  2:04  Drone  
  19  2:22  Queen  
  21  2:23  Drone  
  21  2:25  Drone  
  21  2:26  Hatchery  
  21  2:27  Drone  
  21  2:28  Zergling x2  
  24  2:35  Overlord  
  24  2:39  Drone  
  25  2:48  Lair  
  25  2:53  Drone  
  25  2:54  Drone  
  25  2:57  Drone  
  28  3:04  Drone  
  29  3:05  Overlord  
  29  3:14  Drone  
  29  3:17  Drone x2  
  29  3:19  Extractor  
  31  3:23  Extractor, Drone  
  31  3:35  Drone x4  
  35  3:47  Drone  
  36  3:54  Drone x2  
  38  3:59  Drone, Spire  
  38  4:00  Queen  
  38  4:01  Drone x3  
  38  4:02  Drone  
  44  4:06  Zergling x2  
  45  4:13  Queen  
  45  4:16  Drone x2  
  49  4:19  Overlord  
  49  4:25  Spine Crawler  
  49  4:31  Overlord  
  48  4:32  Drone x2  
  48  4:37  Overlord  
  50  4:44  Drone x5  
  55  4:49  Overlord  
  55  4:55  Drone, Extractor  
  55  4:57  Extractor  
  54  5:01  Drone x2  
  54  5:06  Extractor, Overlord  
  55  5:12  Mutalisk  
  55  5:14  Mutalisk x2  
  61  5:24  Mutalisk x3  
  67  5:29  Mutalisk  
  67  5:32  Mutalisk  
  71  5:36  Drone x4  
  71  5:37  Drone x2  
  77  5:44  Hatchery  
  77  5:49  Mutalisk  
  76  5:56  Overlord x2  
  76  5:57  Drone x2  
  76  5:58  Drone x4  
  82  6:18  Mutalisk x2  
  86  6:27  Drone, Infestation Pit  
  86  6:28  Drone x5  
  86  6:32  Overlord  
  91  7:04  Mutalisk x3  
  91  7:06  Drone x6  
  91  7:31  Drone x4  
  91  7:32  Drone  
  96  7:38  Hive  
  96  7:41  Mutalisk x2  
  96  7:42  Overlord x3  
  96  7:43  Hatchery, Overlord  
  96  7:44  Drone x2  
  101  8:06  Extractor  
  101  8:09  Mutalisk x5  
  101  8:10  Extractor  
  101  8:12  Hatchery  
  86  8:39  Mutalisk x4  
  91  8:43  Spine Crawler  
  91  8:44  Spine Crawler x2  
  91  8:45  Spine Crawler x2  
  91  8:46  Mutalisk  
  91  8:47  Spine Crawler x2  
  91  8:48  Drone x3, Spine Crawler  
  88  8:55  Mutalisk  
  88  8:56  Zergling x4  
  88  8:58  Drone  
  93  9:06  Spine Crawler  
  78  9:13  Drone x3  
  78  9:15  Corruptor x3  
  87  9:20  Zergling x2  
  82  9:38  Zergling x8  
  82  9:39  Mutalisk x2  
  82  9:44  Spine Crawler  
  82  9:45  Spine Crawler  
  79  9:46  Spine Crawler x2  
  79  9:48  Spine Crawler  
Show
View Real Time Build Order
Export as new Build Order

Massa Terran 

Build Orders: 2 Factory, Hellion Opening 

Get SALT Encoding   

  12  0:00  SCV  
  13  0:12  SCV  
  14  0:17  Supply Depot  
  14  0:24  SCV  
  15  0:38  SCV  
  15  0:39  Barracks  
  16  0:50  SCV  
  16  0:51  Refinery  
  17  1:02  SCV  
  18  1:14  SCV  
  19  1:23  Refinery  
  19  1:26  Marine, Supply Depot  
  19  1:30  Orbital Command  
  20  1:53  Factory  
  20  1:56  SCV  
  21  2:14  SCV  
  22  2:15  Command Center  
  22  2:23  Factory  
  22  2:25  Barracks Tech Lab  
  22  2:30  SCV  
  23  2:44  Supply Depot  
  23  2:52  Barracks Reactor, Hellion  
  23  2:54  SCV  
  26  3:05  Infernal Pre-Igniter  
  26  3:06  SCV  
  27  3:13  Hellion  
  29  3:28  Supply Depot  
  29  3:30  Engineering Bay  
  29  3:33  Orbital Command  
  29  3:35  Hellion  
  31  3:41  Barracks Tech Lab  
  31  3:42  Hellion x2  
  31  3:45  SCV  
  36  3:56  Hellion  
  36  3:59  SCV x2  
  40  4:03  Hellion x2  
  44  4:18  Hellion  
  46  4:24  Hellion  
  46  4:25  Hellion  
  50  4:39  Hellion  
  50  4:42  Missile Turret  
  50  4:44  SCV x2  
  50  4:45  Refinery  
  54  4:46  Hellion x2  
  54  4:49  Stimpack  
  58  4:54  Starport  
  58  4:56  SCV x2  
  58  4:57  Terran Infantry Weapons Level 1  
  60  5:03  Missile Turret  
  60  5:08  SCV  
  61  5:24  Missile Turret  
  61  5:35  Siege Tank  
  57  5:37  Widow Mine x2  
  55  5:58  Widow Mine  
  51  6:17  Widow Mine  
  51  6:18  Siege Tank  
  56  6:20  Widow Mine  
  58  6:28  SCV x2  
  60  6:33  Command Center, Viking  
  62  6:49  SCV x2, Supply Depot  
  62  6:50  Widow Mine, Supply Depot x2  
  60  7:15  Supply Depot x3  
  60  7:16  Viking  
  60  7:20  Siege Tank  
  60  7:22  Widow Mine x2  
  69  7:43  Widow Mine x2  
  67  7:47  Terran Infantry Armor Level 1  
  67  7:51  SCV x2  
  67  7:52  Armory  
  69  8:01  Marauder  
  71  8:07  SCV x2  
  73  8:19  SCV x2  
  75  8:23  Marauder  
  75  8:31  SCV  
  69  8:40  Barracks  
  64  8:42  Barracks  
  64  8:44  Marauder  
  64  8:45  Barracks  
  62  9:04  Medivac  
  62  9:05  Marauder  
  66  9:15  Siege Tank  
  73  9:20  Hellion x2  
  71  9:31  Barracks  
  71  9:34  Medivac  
  65  9:41  Hellion x2  
  60  9:51  Marauder, Marine x3  
  72  10:07  Barracks  
  72  10:09  Barracks x2  
  72  10:10  Barracks  
Show
View Real Time Build Order
Export as new Build Order

NastyNoob Zerg - Winner!

Build Orders: Hatch First, Roach Hydra 

Get SALT Encoding   

  12  0:00  Drone  
  13  0:12  Overlord  
  13  0:16  Drone  
  14  0:30  Drone x2  
  16  0:50  Hatchery  
  16  0:52  Drone  
  16  0:56  Drone  
  17  0:59  Drone  
  18  1:14  Spawning Pool  
  18  1:16  Extractor  
  17  1:18  Drone  
  17  1:21  Drone  
  18  1:27  Drone  
  19  1:38  Drone  
  20  1:52  Overlord  
  20  2:03  Queen x2  
  20  2:04  Zergling x4  
  26  2:13  Drone x2  
  28  2:18  Metabolic Boost  
  28  2:21  Drone  
  29  2:24  Drone  
  30  2:32  Overlord  
  30  2:42  Queen  
  30  2:44  Queen  
  32  2:46  Drone  
  32  2:48  Drone  
  36  2:52  Drone  
  36  2:53  Drone  
  38  3:00  Drone  
  38  3:04  Overlord  
  39  3:09  Drone  
  39  3:11  Roach Warren  
  39  3:14  Drone x2  
  39  3:17  Drone x2  
  39  3:19  Drone  
  44  3:24  Drone x2  
  46  3:29  Drone  
  47  3:37  Zergling x4  
  47  3:41  Extractor  
  48  3:42  Extractor  
  48  3:43  Drone  
  48  3:44  Extractor  
  47  3:49  Hatchery  
  47  3:50  Lair  
  47  3:51  Drone  
  47  3:53  Zergling x2  
  48  3:56  Drone  
  48  3:58  Overlord  
  48  4:01  Drone  
  48  4:02  Drone  
  51  4:09  Drone  
  52  4:16  Overlord x2  
  52  4:21  Drone  
  52  4:22  Drone  
  52  4:23  Drone  
  55  4:29  Drone x5  
  60  4:36  Zergling x2, Evolution Chamber x2  
  59  4:49  Glial Reconstitution  
  59  4:54  Infestation Pit  
  59  4:55  Hydralisk Den, Spore Crawler  
  56  5:00  Drone  
  56  5:01  Drone x7  
  56  5:05  Queen  
  66  5:14  Roach x3  
  70  5:22  Roach x3  
  74  5:32  Drone x5  
  79  5:36  Zerg Missile Weapons Level 1  
  79  5:37  Zerg Ground Armor Level 1  
  79  5:39  Roach  
  79  5:58  Spore Crawler  
  79  5:59  Drone x3  
  79  6:00  Spore Crawler  
  80  6:06  Spore Crawler  
  80  6:07  Hydralisk x2, Spore Crawler  
  80  6:09  Spore Crawler  
  80  6:10  Overlord x5  
  81  6:15  Extractor  
  81  6:16  Extractor  
  79  6:22  Hydralisk  
  81  6:26  Grooved Spines  
  81  6:30  Hatchery  
  80  6:33  Hydralisk x2  
  80  6:38  Hydralisk x2  
  88  6:47  Drone x4, Spore Crawler  
  88  6:51  Hydralisk  
  88  6:52  Hydralisk  
  89  7:01  Hydralisk x3  
  91  7:10  Hydralisk x4  
  87  7:22  Hydralisk  
  87  7:23  Hydralisk x3  
  95  7:30  Queen  
  95  7:31  Hydralisk x2  
  101  7:37  Muscular Augments  
  101  7:45  Hydralisk x5  
  101  7:49  Queen x2  
  115  8:11  Overlord x5  
  115  8:13  Overseer x2  
  115  8:21  Hydralisk x2  
  115  8:31  Roach x6  
  119  8:39  Hydralisk x2  
  119  8:40  Hydralisk  
  123  8:46  Drone x8  
  123  8:47  Drone  
  128  9:05  Hydralisk x4  
  128  9:06  Hydralisk x3  
  136  9:10  Overlord  
  136  9:11  Overseer x2  
  136  9:20  Drone x2  
  136  9:21  Drone x5  
  117  9:38  Hydralisk  
  117  9:39  Hydralisk x7  
Show
View Real Time Build Order
Export as new Build Order

Ishtar Zerg - Winner!

Build Orders: Hatch First 

Get SALT Encoding   

  12  0:00  Drone  
  13  0:12  Overlord  
  13  0:17  Drone  
  14  0:30  Drone x2  
  16  0:49  Hatchery  
  15  1:07  Extractor, Spawning Pool  
  15  1:08  Drone  
  14  1:11  Drone  
  14  1:15  Drone  
  16  1:20  Drone  
  17  1:32  Drone  
  18  1:44  Drone  
  19  1:53  Queen  
  21  1:54  Zergling x2  
  22  2:02  Queen  
  22  2:03  Zergling x2  
  22  2:04  Overlord  
  25  2:10  Metabolic Boost  
  25  2:14  Drone  
  26  2:17  Drone  
  27  2:36  Roach Warren  
  26  2:37  Drone x3  
  29  2:53  Drone x3  
  32  3:05  Drone x3  
  34  3:06  Drone  
  34  3:07  Overlord  
  36  3:14  Lair  
  36  3:28  Drone x3  
  36  3:29  Drone x4  
  36  3:34  Extractor  
  42  3:35  Extractor  
  42  3:36  Queen  
  43  3:46  Overlord x2  
  43  3:54  Extractor  
  43  3:55  Roach  
  44  4:11  Queen  
  44  4:13  Roach x6  
  58  4:17  Glial Reconstitution  
  58  4:22  Overseer  
  58  4:24  Drone x2  
  58  4:30  Overlord  
  60  4:45  Overlord x3  
  60  4:54  Drone x3  
  60  4:56  Spore Crawler  
  62  5:00  Drone x2, Spore Crawler  
  63  5:09  Roach x2  
  67  5:14  Roach x2  
  69  5:35  Hatchery, Roach x3  
  74  5:57  Hydralisk Den, Roach x5  
  74  5:58  Roach  
  73  6:18  Roach x6  
  79  6:28  Drone x3  
  78  6:33  Spore Crawler  
  78  6:36  Roach x2  
  78  6:39  Hydralisk  
  81  6:44  Grooved Spines  
  81  6:47  Hydralisk  
  85  6:55  Hydralisk x2  
  89  7:09  Overlord x3  
  89  7:21  Overlord x3  
  89  7:24  Spore Crawler  
  89  7:26  Overlord  
  88  7:32  Evolution Chamber  
  88  7:36  Evolution Chamber  
  86  7:41  Roach x3  
  92  7:45  Hydralisk  
  94  7:52  Hydralisk  
  94  7:56  Muscular Augments  
  96  8:02  Hydralisk x2  
  96  8:03  Hydralisk  
  102  8:06  Drone  
  101  8:16  Hydralisk x2  
  101  8:18  Hydralisk  
  91  8:30  Hydralisk x2  
  91  8:31  Hydralisk  
  85  8:38  Hydralisk  
  85  8:39  Hydralisk  
  87  8:43  Overseer  
  87  8:45  Roach  
  83  8:56  Hydralisk x3  
  85  9:04  Drone x3  
  84  9:21  Drone  
  84  9:22  Drone x6  
  91  9:24  Pneumatized Carapace  
  91  9:27  Roach  
  91  9:28  Roach  
  93  9:47  Roach x3  
  93  9:48  Roach x4  
  93  9:52  Roach x2  
  111  9:56  Roach  
  111  9:57  Roach  
Tags
 
Add a new tag
Caveats
  • Supply blocks, unpowered buildings, or Contaminate may cause inaccurate times.
  • Supply counts are checked every 10 seconds.